 Dungeon Crawl Stone Soup version 0.18-a0-1203-gbde16db (webtiles) character file.

64 JustSomeDude the Insei (level 3, -1/29 HPs)
             Began as a Demonspawn Monk on Jan 31, 2016.
             Was a Believer of Dithmenos.
             Killed from afar by Crazy Yiuf (11 damage)
             ... with a wand of flame
             ... on level 2 of the Dungeon on Feb 1, 2016.
             The game lasted 00:06:54 (2499 turns).

JustSomeDude the Insei (Demonspawn Monk)            Turns: 2499, Time: 00:06:54

Health: -1/29      AC:  4    Str: 12    XL:     3   Next: 91%
Magic:  3/3        EV: 13    Int: 11    God:    Dithmenos [**....]
Gold:   82         SH:  0    Dex: 15    Spells: 0 memorised, 2 levels left

rFire  . . .     SeeInvis .     n - +0 short sword
rCold  . . .     Gourm    .     m - +0 leather armour
rNeg   . . .     Faith    .     (no shield)
rPois  .         Spirit   .     (no helmet)
rElec  .         Dismiss  .     (no cloak)
rCorr  .         Reflect  .     (no gloves)
SustAt .         Harm     .     b - +0 pair of boots
MR     .....                    (no amulet)
Stlth  ++........               (no ring)
                                (no ring)

@: wreathed by umbra, not resistant to hostile enchantments, unstealthy
A: sturdy frame 2
a: Shadow Step, Renounce Religion


You were on level 2 of the Dungeon.
You worshipped Dithmenos.
Dithmenos was pleased with you.
You were hungry.

You visited 1 branch of the dungeon, and saw 2 of its levels.

You collected 82 gold pieces.

Inventory:

Hand Weapons
 n - a +0 short sword (weapon)
Armour
 a - a +0 robe
 b - a +0 pair of boots (worn)
 m - a +0 leather armour (worn)
Scrolls
 c - a scroll of recharging {unknown}
 d - 2 scrolls of enchant weapon {unknown}
 f - 3 scrolls of identify {unknown}
 h - a scroll of immolation {unknown}
 i - 3 scrolls of remove curse {unknown}
 j - 2 scrolls of noise {unknown}
 k - a scroll of teleportation {unknown}
 l - a scroll of enchant armour {unknown}
 o - a scroll of amnesia {unknown}
Potions
 e - a potion of heal wounds {unknown}
 g - a potion of lignification
 p - a potion of might {unknown}
 q - a potion of curing {unknown}
Comestibles
 r - a royal jelly


   Skills:
 + Level 3.3 Fighting
 + Level 0.3 Armour
 + Level 3.2 Dodging
 + Level 2.5 Stealth
 + Level 4.0 Unarmed Combat


You had 2 spell levels left.
You didn't know any spells.

Dungeon Overview and Level Annotations

Branches:
Dungeon (2/15)

Altars:
Dithmenos

Annotations:
D:2 Crazy Yiuf


Innate Abilities, Weirdness & Mutations

Your movements are less encumbered by armour (ER -4).


Message History

Crazy Yiuf barely misses you.
Crazy Yiuf is nearby!
Crazy Yiuf is nearby!
You hit Crazy Yiuf but do no damage.
Crazy Yiuf zaps a wand.
The puff of flame misses you.
Crazy Yiuf is nearby!
You hit Crazy Yiuf.
Crazy Yiuf is lightly wounded.
Crazy Yiuf closely misses you.
Crazy Yiuf is nearby!
You hit Crazy Yiuf.
Crazy Yiuf is moderately wounded.
Crazy Yiuf zaps a wand.
The puff of flame hits you!
You hit Crazy Yiuf.
Crazy Yiuf is moderately wounded.
Crazy Yiuf zaps a wand.
The puff of flame hits you!
You closely miss Crazy Yiuf.
Crazy Yiuf is moderately wounded.
Crazy Yiuf zaps a wand.
The puff of flame hits you!
You die...

##......#
###...###.#
......# #.#
###...# #.#
##.## #.#
##### #.#
#.## #..)#
#.####..#
#...#
#.......#
#.g^# ######
######### #@#
#....# ##.#
####.##### #
#.## #.....#
## ##.#
####.###.#
.#########
#.## #....#
#.#
.........#
##.## ######
#.#
.#######.#
#...## #.#
.รท.#####.###
#....# #.#
...........#
#....# #.###


You could see Crazy Yiuf.

Vanquished Creatures
  An adder (D:2)
  An ooze (D:1)
  A worm (D:2)
  4 giant geckos
  A bat zombie (D:1)
  A giant cockroach (D:2)
  4 goblins
  3 hobgoblins
  2 jackals (D:1)
  11 kobolds
  A quokka (D:2)
  3 bats
  3 giant newts
  A jackal zombie (D:1)
  8 rats
45 creatures vanquished.

Notes
Turn   | Place    | Note
--------------------------------------------------------------
     0 | D:1      | JustSomeDude the Demonspawn Monk began the quest for the Orb.
     0 | D:1      | Reached XP level 1. HP: 18/18 MP: 1/1
   169 | D:1      | Gained mutation: Your movements are slightly less encumbered by armour (ER -2). [demonic ancestry]
   169 | D:1      | Reached XP level 2. HP: 24/24 MP: 2/2
   899 | D:1      | Gained mutation: Your movements are less encumbered by armour (ER -4). [demonic ancestry]
   899 | D:1      | Reached XP level 3. HP: 29/29 MP: 3/3
  1476 | D:2      | Reached skill level 4 in Unarmed Combat
  2333 | D:2      | Found a shadowy altar of Dithmenos.
  2346 | D:2      | Became a worshipper of Dithmenos the Shadowed
  2346 | D:2      | Reached * piety under Dithmenos
  2346 | D:2      | Reached ** piety under Dithmenos
  2491 | D:2      | Noticed Crazy Yiuf
  2499 | D:2      | Killed from afar by Crazy Yiuf

Vault maps used:
D:1:      saegor_arrival_fortress, minmay_misc_feat_tower
D:2:      grunt_dithmenos_smoke_and_mirrors, uniq_crazy_yiuf_cottage

Action                   || total
-------------------------++-------
Melee: Unarmed           ||   118
       Short sword       ||    46
  Use: Potion            ||     1
 Stab: Sleeping          ||     9
  Eat: Bread ration      ||     1
